 Dungeon Crawl Stone Soup version 0.28.0-47-ge53b351184 (webtiles) character file.

Game seed: 13955902189642055551

2524 Ablot the Cutter (level 9, -1/74 HPs)
             Began as a Gnoll Chaos Knight on Apr 28, 2022.
             Was a Plaything of Xom.
             Slain by a water moccasin (13 damage)
             ... on level 7 of the Dungeon.
             The game lasted 00:14:40 (8710 turns).

Ablot the Cutter (Gnoll Chaos Knight)               Turns: 8710, Time: 00:14:41

Health: -1/74      AC: 10    Str:  8      XL:     9   Next: 54%
Magic:  24/24      EV: 16    Int: 10      God:    Xom [.....*]
Gold:   275        SH:  4    Dex: 11 (14) Spells: 16/16 levels left

rFire   . . .      SeeInvis .   a - +0 short sword (chaos)
rCold   + . .      Faith    +   h - +0 buckler
rNeg    . . .      Spirit   .   b - +2 leather armour
rPois   .          Reflect  .   C - +2 helmet
rElec   .          Harm     .   (no cloak)
rCorr   .          Rampage  .   G - +0 pair of gloves
Will    .....                   (no boots)
Stlth   +++.......              B - amulet of faith
HPRegen 0.22/turn               o - +4 ring of evasion
MPRegen 0.19/turn               K - ring "Paimen" {rC+ MP+9 Str-3 Dex+4 Stlth+}

@: lethally poisoned (-1 -> -21), unable to read
A: fangs 1, strong nose, distributed training, iridescent scales 1, clumsy 1,
deformed body, dopey 1, weak 2, inability to read while threatened, noise
suppression
a: Renounce Religion


You were on level 7 of the Dungeon.
You worshipped Xom.
You were Xom's teddy bear.
You visited 1 branch of the dungeon, and saw 7 of its levels.

You collected 382 gold pieces.
You spent 107 gold pieces at shops.

Inventory:

Hand Weapons
 a - a +0 short sword of chaos (weapon)
 c - the +9 spear of the Final Friends {antimagic, rC+}
   (You found it on level 4 of the Dungeon)

   It reduces the magical energy of the wielder, and disrupts the spells and
   magical abilities of those it strikes.
   Natural abilities and divine invocations are not affected.
   rC:        It protects you from cold.
 R - the +4 dagger "Morg" {pain, Will+ Int+5}
   (You found it on level 6 of the Dungeon)

   In the hands of one skilled in necromantic magic, it inflicts extra damage on
   living creatures.
   Int:       It affects your intelligence (+5).
   Will:      It increases your willpower.
Missiles
 e - 26 poisoned darts (quivered)
 g - 36 bolts
 p - 146 arrows
 r - 5 silver javelins
 u - 6 boomerangs
 v - 194 stones
 P - 37 sling bullets
 Q - 3 atropa-tipped darts
Armour
 b - a +2 leather armour (worn)
 h - a +0 buckler (worn)
 q - +0 ice dragon scales
 C - a +2 helmet (worn)
 D - an orb of mayhem
 G - a +0 pair of gloves (worn)
Magical Staves
 y - a staff of earth
 L - a staff of cold
 T - a staff of air
Jewellery
 j - an amulet of reflection
 o - a +4 ring of evasion (left hand)
 B - an amulet of faith (around neck)
 K - the ring "Paimen" (right hand) {rC+ MP+9 Str-3 Dex+4 Stlth+}
   (You found it on level 6 of the Dungeon)

   [ring of magical power]

   Str:       It affects your strength (-3).
   Dex:       It affects your dexterity (+4).
   rC:        It protects you from cold.
   MP:        It affects your magic capacity (+9).
   Stlth:     It makes you more stealthy.
Wands
 M - a wand of digging (2)
 S - a wand of iceblast (5)
Scrolls
 d - 7 scrolls of noise {unknown}
 i - a scroll of enchant armour {unknown}
 m - a scroll of holy word {unknown}
 w - 5 scrolls of identify {unknown}
 A - 3 scrolls of teleportation
 E - a scroll of torment {unknown}
 H - a scroll of enchant weapon {unknown}
 I - 2 scrolls of blinking {unknown}
 J - a scroll of acquirement {unknown}
 N - a scroll of fog
 O - a scroll of summoning {unknown}
Potions
 f - 2 potions of cancellation {unknown}
 k - a potion of attraction {unknown}
 l - 2 potions of flight {unknown}
 n - a potion of heal wounds {unknown}
 s - a potion of degeneration {unknown}
 t - a potion of magic {unknown}
 x - 3 potions of mutation {unknown}
 z - 3 potions of lignification {unknown}
 F - a potion of might {unknown}


   Skills:
 + Level 7.9 Fighting
 + Level 7.9 Short Blades
 + Level 4.3 Long Blades
 + Level 4.3 Axes
 + Level 4.3 Maces & Flails
 + Level 4.3 Polearms
 + Level 4.3 Staves
 + Level 4.3 Slings
 + Level 4.3 Bows
 + Level 4.3 Crossbows
 + Level 4.3 Throwing
 + Level 6.4 Armour
 + Level 5.1 Dodging
 + Level 4.3 Stealth
 + Level 4.3 Shields
 + Level 4.3 Unarmed Combat
 + Level 4.3 Spellcasting
 + Level 3.6 Conjurations
 + Level 3.6 Hexes
 + Level 3.6 Summonings
 + Level 3.6 Necromancy
 + Level 3.6 Translocations
 + Level 3.6 Transmutations
 + Level 3.6 Fire Magic
 + Level 3.6 Ice Magic
 + Level 3.6 Air Magic
 + Level 3.6 Earth Magic
 + Level 3.6 Poison Magic
 + Level 4.8 Invocations
 + Level 4.3 Evocations


You had 16 spell levels left.
You didn't know any spells.
Your spell library contained the following spells:

 Spells                   Type           Power      Damage    Failure   Level
 Animate Dead             Necr           4%         N/A       69%         4
 Borgnjor's Vile Clutch   Necr/Erth      4%         N/A       95%         5
 Death Channel            Necr           4%         N/A       100%        6


Dungeon Overview and Level Annotations

Branches:
Dungeon (7/15)             Temple (0/1) D:4

Altars:
Hepliaklqana
Xom

Shops:
D:6 ?   D:7 *

Annotations:
D:4 2 transporters, dracomuter's ghost, amateur FoFi
D:5 3 runed translucent doors, exclusion: 3 doors, CryoSword's ghost, novice VSTm; ciphuk's ghost, novice GnVM


Innate Abilities, Weirdness & Mutations

You have very sharp teeth.
Your uncanny sense of smell can sniff out nearby items.
Your experience applies equally to all skills.
You are partially covered in iridescent scales. (AC +2)
You are clumsy. (Dex -2)
Armour fits poorly on your strangely shaped body.
You are dopey. (Int -2)
You are very weak. (Str -4)
You sometimes lose the ability to read scrolls when taking damage.
You passively dampen the noise of your surroundings.


Message History

You hit something but do no damage. Something bites you but does no damage.
You completely miss something. Your bite misses something. Something bites you.
You closely miss something.
Your +0 flail falls from the air.
Something bites you.
You are poisoned.
Something poisons you!
You hit something.
Nothing appears to happen.
You feel sick. Something bites you.
You are more poisoned.
Something poisons you!
You hit something. You burn something.
You feel very sick. Something barely misses you.
You barely miss something.
You feel very sick. Something bites you!
You are more poisoned.
Something poisons you!
You miss something. Your bite misses something.
You feel very sick. Something barely misses you.
You completely miss something.
You feel very sick. Something bites you but does no damage.
You closely miss something.
You feel very sick. Something bites you.
You are lethally poisoned!
Something poisons you!
You closely miss something.
You feel very sick. Something bites you!
* * * LOW HITPOINT WARNING * * *
You hit something. Your bite misses something.
* * * LOW HITPOINT WARNING * * *
You feel very sick. Something bites you!
You feel threatened and lose the ability to read scrolls!
You die...

#...# #.### #.#
#.# #.# #.# #.#
#)# #### #@#
..#### #{# #.##.##
#.# #.#.#.## #.#
#..###.#####.#
#.## ##......#
#####..###.#######
.<....#)#.##
#####.##.##


There were no monsters in sight!

Vanquished Creatures
  Eustachio (D:6)
  Menkaure (D:6)
  A water moccasin (D:5)
  A sky beast (D:5)
  A necrophage (D:5)
  A black bear (D:5)
  3 ogres
  Blork the orc (D:6)
  2 phantoms
  2 bullfrogs
  2 scorpions (D:5)
  A wyvern zombie (D:7)
  A howler monkey (D:7)
  2 centaur zombies (D:7)
  A jelly (D:5)
  4 hounds
  An orc priest (D:7)
  A centaur skeleton (D:4)
  5 iguanas
  4 orc wizards
  A scorpion zombie (D:5)
  A killer bee zombie (D:5)
  Robin (D:4)
  4 gnolls (D:4)
  3 howler monkey skeletons
  4 adders
  A shadow imp (D:6)
  2 white imps
  An ufetubus (D:4)
  An adder skeleton (D:5)
  4 worms
  2 dart slugs
  13 orcs
  5 ball pythons
  9 endoplasms
  4 giant cockroaches
  11 goblins
  9 hobgoblins
  2 quokkas (D:2)
  3 bats
  3 frilled lizards
  2 kobolds (D:4)
  2 rats
124 creatures vanquished.

Vanquished Creatures (collateral kills)
  An orc warrior (D:7)
  An ogre (D:5)
  A gnoll sergeant (D:5)
  An orc priest (D:7)
  An iguana (D:5)
  An orc wizard (D:7)
  An orc (D:7)
  3 goblins (D:4)
10 creatures vanquished.

Grand Total: 134 creatures vanquished

Notes
Turn   | Place    | Note
-------+----------+-------------------------------------------
     0 | D:1      | Ablot the Gnoll Chaos Knight began the quest for the Orb.
     0 | D:1      | Reached XP level 1. HP: 23/23 MP: 1/1
   338 | D:1      | Reached XP level 2. HP: 29/29 MP: 2/2
   922 | D:1      | XOM: divination: detect items
  1164 | D:2      | XOM: smoke on damage
  1169 | D:2      | Reached XP level 3. HP: 16/35 MP: 3/3
  1390 | D:2      | XOM: cloud trail
  1506 | D:2      | Paralysed by you for 6 turns
  1609 | D:2      | Reached skill level 1 in Invocations
  1884 | D:2      | Reached skill level 1 in Long Blades
  1884 | D:2      | Reached skill level 1 in Axes
  1884 | D:2      | Reached skill level 1 in Maces & Flails
  1884 | D:2      | Reached skill level 1 in Polearms
  1884 | D:2      | Reached skill level 1 in Staves
  1884 | D:2      | Reached skill level 1 in Slings
  1884 | D:2      | Reached skill level 1 in Bows
  1884 | D:2      | Reached skill level 1 in Crossbows
  1884 | D:2      | Reached skill level 1 in Throwing
  1884 | D:2      | Reached skill level 1 in Stealth
  1884 | D:2      | Reached skill level 1 in Shields
  1884 | D:2      | Reached skill level 1 in Unarmed Combat
  1884 | D:2      | Reached skill level 1 in Spellcasting
  1884 | D:2      | Reached skill level 1 in Evocations
  1884 | D:2      | Reached XP level 4. HP: 30/41 MP: 5/5
  1960 | D:2      | XOM: divination: detect items
  2214 | D:2      | Found a faded altar of an unknown god.
  2239 | D:2      | XOM: divination: detect items
  2627 | D:3      | XOM: divination: magic mapping
  2656 | D:3      | XOM: silly message
  2699 | D:3      | Reached skill level 1 in Conjurations
  2699 | D:3      | Reached skill level 1 in Hexes
  2699 | D:3      | Reached skill level 1 in Summonings
  2699 | D:3      | Reached skill level 1 in Necromancy
  2699 | D:3      | Reached skill level 1 in Translocations
  2699 | D:3      | Reached skill level 1 in Transmutations
  2699 | D:3      | Reached skill level 1 in Fire Magic
  2699 | D:3      | Reached skill level 1 in Ice Magic
  2699 | D:3      | Reached skill level 1 in Air Magic
  2699 | D:3      | Reached skill level 1 in Earth Magic
  2699 | D:3      | Reached skill level 1 in Poison Magic
  2830 | D:3      | XOM: give mutations
  2830 | D:3      | Gained mutation: You have large cloven feet. [Xom's grace]
  2830 | D:3      | Gained mutation: You are robust. (+10% HP) [Xom's grace]
  2830 | D:3      | Gained mutation: You passively map a small area around you.
                  | [Xom's grace]
  2830 | D:3      | Gained mutation: You passively dampen the noise of your
                  | surroundings. [Xom's grace]
  2865 | D:3      | Found a hazy altar of Hepliaklqana.
  3049 | D:4      | Reached XP level 5. HP: 38/51 MP: 5/7
  3151 | D:4      | Found a transporter.
  3152 | D:4      | Noticed dracomuter's ghost (amateur FoFi)
  3152 | D:4      | Noticed an ogre
  3177 | D:4      | Noticed an ogre
  3210 | D:4      | Identified the +9 spear of the Final Friends {antimagic,
                  | rC+}
  3291 | D:4      | Found a staircase to the Ecumenical Temple.
  3349 | D:4      | XOM: scenery: create altars
  3353 | D:4      | Noticed Robin
  3360 | D:4      | XOM: summons 5 friendly demons
  3382 | D:4      | Reached XP level 6. HP: 31/58 MP: 8/8
  3388 | D:4      | Killed Robin
  3390 | D:4      | XOM: god gift: 29 gold pieces
  3715 | D:4      | Reached skill level 5 in Armour
  4251 | D:4      | Found a transporter.
  4277 | D:5      | Entered Level 5 of the Dungeon
  4283 | D:5      | XOM: smoke on damage
  4290 | D:5      | Reached XP level 7. HP: 62/64 MP: 10/10
  4320 | D:5      | XOM: scenery: create altars
  4361 | D:5      | Found a runed translucent gate.
  4364 | D:5      | Found a runed translucent gate.
  4364 | D:5      | Found a runed translucent gate.
  4366 | D:5      | Noticed CryoSword's ghost (novice VSTm)
  4366 | D:5      | Noticed ciphuk's ghost (novice GnVM)
  4439 | D:5      | XOM: destruction
  4510 | D:4      | XOM: silly message
  4754 | D:5      | Reached XP level 8. HP: 62/73 MP: 12/12
  4943 | D:5      | XOM: draining
  4959 | D:5      | XOM: cast spell 'Summon Dragon'
  5120 | D:5      | XOM: smoke on damage
  5120 | D:5      | XOM: torment (34/66 hp)
  5231 | D:5      | XOM: give mutations
  5231 | D:5      | Lost mutation: You are robust. (+10% HP) [Xom's mischief]
  5231 | D:5      | Gained mutation: You are weak. (Str -2) [Xom's mischief]
  5231 | D:5      | Gained mutation: Armour fits poorly on your strangely
                  | shaped body. [Xom's mischief]
  5231 | D:5      | Gained mutation: You sometimes lose the ability to read
                  | scrolls when taking damage. [Xom's mischief]
  5446 | D:5      | XOM: confuse monster(s)
  5663 | D:5      | XOM: give mutations
  5663 | D:5      | Gained mutation: Your body sometimes deteriorates upon
                  | taking damage. [Xom's mischief]
  5663 | D:5      | Gained mutation: You are very weak. (Str -4) [Xom's
                  | mischief]
  5691 | D:5      | XOM: summons 1 hostile demon
  5713 | D:5      | XOM: give mutations
  5713 | D:5      | Gained mutation: You are partially covered in iridescent
                  | scales. (AC +2) [Xom's mischief]
  5713 | D:5      | Gained mutation: You are clumsy. (Dex -2) [Xom's mischief]
  5713 | D:5      | Lost mutation: Your body sometimes deteriorates upon taking
                  | damage. [Xom's mischief]
  5890 | D:5      | XOM: silly message
  6071 | D:6      | XOM: noise
  6077 | D:6      | Identified the ring "Paimen" {rC+ MP+9 Str-3 Dex+4 Stlth+}
  6078 | D:6      | Noticed Blork the orc
  6082 | D:6      | XOM: summons 5 hostile demons
  6094 | D:6      | Killed Blork the orc
  6128 | D:6      | XOM: confusion
  6333 | D:6      | Noticed Eustachio
  6360 | D:6      | XOM: noise
  6361 | D:6      | Killed Eustachio
  6362 | D:6      | Reached XP level 9. HP: 49/72 MP: 14/14
  6482 | D:6      | XOM: give mutations
  6482 | D:6      | Gained mutation: You are very clumsy. (Dex -4) [Xom's
                  | mischief]
  6482 | D:6      | Lost mutation: You have large cloven feet. [Xom's mischief]
  6593 | D:6      | Noticed Menkaure
  6598 | D:6      | XOM: repel stairs
  6607 | D:6      | Killed Menkaure
  6614 | D:6      | XOM: draining
  6697 | D:6      | XOM: give mutations
  6697 | D:6      | Lost mutation: You passively map a small area around you.
                  | [Xom's mischief]
  6697 | D:6      | Lost mutation: You are very clumsy. (Dex -4) [Xom's
                  | mischief]
  6697 | D:6      | Gained mutation: You are dopey. (Int -2) [Xom's mischief]
  6865 | D:6      | XOM: stat loss: -1 Dex (9/10)
  6898 | D:6      | XOM: summons 1 hostile shadow creature
  7072 | D:6      | XOM: stat loss: -1 Int (9/10)
  7144 | D:6      | Found Gyrauxt's Magic Scroll Shoppe.
  7151 | D:6      | Bought a scroll of fog for 22 gold pieces
  7151 | D:6      | Bought a scroll of teleportation for 33 gold pieces
  7176 | D:6      | XOM: noise
  7264 | D:6      | XOM: summons 5 hostile demons
  7424 | D:6      | XOM: enchant monster (good)
  7431 | D:6      | XOM: scenery: 1 doors close
  7577 | D:6      | Found the +4 dagger "Morg" {pain, Will+ Int+5}
  7743 | D:7      | Found Zumpin's Assorted Antiques.
  7750 | D:7      | Bought a scroll labelled LOYCEN WASCH for 26 gold pieces
  7750 | D:7      | Bought a scroll labelled LOYCEN WASCH for 26 gold pieces
  7810 | D:7      | XOM: polymorph jelly -> howler monkey
  7821 | D:7      | XOM: summons 9 friendly demons
  7853 | D:7      | XOM: fog
  7855 | D:7      | XOM: fog
  8193 | D:7      | XOM: 8-stop teleportation journey
  8227 | D:7      | Reached skill level 5 in Dodging
  8251 | D:7      | XOM: divination: detect creatures
  8584 | D:7      | XOM: god gift: staff of air
  8710 | D:7      | Slain by a water moccasin

Illustrated notes

Levels and vault maps discovered:
D:1:      minmay_arrival_solitary_statue, layout_loops_corners,
          kennysheep_doodads, kennysheep_small_spiral, minmay_misc_feat_square
D:2:      layout_basic, basic_ecumenical_altar
D:3:      layout_basic, worldfamousw_hep_ancestral_shrine, minmay_door_square,
          hex_tiny, kennysheep_generic_room_4
D:4:      layout_basic, temple_green, gammafunk_ghost_smash, uniq_robin
D:5:      minmay_bubble_buster, layout_loops_cross, gammafunk_ghost_cemetery,
          hex_medium, minivault_25, kennysheep_potato
D:6:      minmay_skewed_foursquare, layout_rooms, serial_shops, shop,
          kennysheep_minor_cross, uniq_eustachio, uniq_menkaure,
          uniq_blork_the_orc
D:7:      layout_loops_ring, serial_shops,
          nicolae_shop_temple_entry_statues_fountains

Skill      XL: |  1  2  3  4  5  6  7  8  9 |
---------------+----------------------------+-----
Invocations    | 1 2 3 4 |  4.8
Long Blades    | 1 2 3 4 |  4.3
Axes           | 1 2 3 4 |  4.3
Maces & Flails | 1 2 3 4 |  4.3
Polearms       | 1 2 3 4 |  4.3
Staves         | 1 2 3 4 |  4.3
Slings         | 1 2 3 4 |  4.3
Bows           | 1 2 3 4 |  4.3
Crossbows      | 1 2 3 4 |  4.3
Throwing       | 1 2 3 4 |  4.3
Stealth        | 1 2 3 4 |  4.3
Shields        | 1 2 3 4 |  4.3
Unarmed Combat | 1 2 3 4 |  4.3
Spellcasting   | 1 2 3 4 |  4.3
Evocations     | 1 2 3 4 |  4.3
Conjurations   | 1 2 3 |  3.6
Hexes          | 1 2 3 |  3.6
Summonings     | 1 2 3 |  3.6
Necromancy     | 1 2 3 |  3.6
Translocations | 1 2 3 |  3.6
Transmutations | 1 2 3 |  3.6
Fire Magic     | 1 2 3 |  3.6
Ice Magic      | 1 2 3 |  3.6
Air Magic      | 1 2 3 |  3.6
Earth Magic    | 1 2 3 |  3.6
Poison Magic   | 1 2 3 |  3.6
Dodging        | 3 4 5 |  5.1
Armour         | 5 6 |  6.4
Fighting       | 7 |  7.9
Short Blades   | 7 |  7.9

Action                   |  1- 3 |  4- 6 |  7- 9 || total
-------------------------+-------+-------+-------++-------
Melee: Short sword       |   116 |   188 |   450 ||   754
       Bite              |    13 |    13 |    56 ||    82
       Kick              |       |    35 |    75 ||   110
       Punch             |       |     4 |       ||     4
Throw: Dart              |       |       |     5 ||     5
  Use: Potion            |       |       |     2 ||     2
 Stab: Sleeping          |     1 |     2 |     4 ||     7
       Paralysed         |     1 |       |       ||     1
       Confused          |     1 |       |     5 ||     6
       Distracted        |       |     1 |       ||     1
Armor: Leather armour    |    26 |    36 |   115 ||   177
Dodge: Dodged            |    45 |   110 |   310 ||   465
Block: Other             |     3 |    27 |       ||    30
       Reflection        |       |     1 |       ||     1
       Orb               |       |     7 |       ||     7
       Buckler           |       |       |     9 ||     9
